 Dungeon Crawl Stone Soup version 0.18.1-6-gd335043 (webtiles) character file.

326 epen the Poker (level 6, -4/49 HPs)
             Began as a Merfolk Chaos Knight on May 16, 2016.
             Killed by nerve-wracking pain
             ... invoked by an orc priest
              (14 damage)
             ... on level 3 of the Dungeon.
             The game lasted 00:03:33 (1655 turns).

epen the Poker (Merfolk Chaos Knight)               Turns: 1655, Time: 00:03:34

Health: -4/49      AC:  5    Str: 14    XL:     6   Next: 49%
Magic:  6/6        EV: 13    Int: 11    God:    Xom [..*...]
Gold:   162        SH:  0    Dex: 14    Spells: 0 memorised, 5 levels left

rFire  . . .     SeeInvis +     a - +0 spear (chaos)
rCold  . . .     Gourm    .     b - +2 leather armour
rNeg   . . .     Faith    .     (no shield)
rPois  .         Spirit   .     (no helmet)
rElec  .         Dismiss  .     (no cloak)
rCorr  .         Reflect  .     (no gloves)
SustAt .         Harm     .     (no boots)
MR     .....                    (no amulet)
Stlth  +.........               (no ring)
                                v - ring of see invisible

@: not resistant to hostile enchantments, very unstealthy
A: change form in water, swift swim
a: Renounce Religion


You were on level 3 of the Dungeon.
You worshipped Xom.
You were a toy of Xom.
You were hungry.

You visited 1 branch of the dungeon, and saw 3 of its levels.

You collected 162 gold pieces.

Inventory:

Hand Weapons
 a - a +0 spear of chaos (weapon)
 r - a +0 shortbow
 u - a +0 scythe
Armour
 b - a +2 leather armour (worn)
 q - a +0 plate armour
Jewellery
 j - an uncursed ring of fire
 v - a ring of see invisible (left hand)
Scrolls
 f - 3 scrolls of identify
 h - a scroll of immolation
 i - a scroll of recharging
Potions
 d - a potion of might
 e - a potion of cancellation {unknown}
 m - a potion of degeneration {unknown}
 o - a potion of brilliance {unknown}
 p - a potion of flight {unknown}
 t - a potion of ambrosia {unknown}
 w - a potion of heal wounds {unknown}
Comestibles
 c - 4 bread rations
 l - a slice of pizza
 s - a royal jelly


   Skills:
 + Level 4.6 Fighting
 * Level 6.7 Polearms
 * Level 2.6 Armour
 + Level 4.2 Dodging


You had 5 spell levels left.
You didn't know any spells.

Dungeon Overview and Level Annotations

Branches:
Dungeon (3/15)

Altars:
Elyvilon
Pakellas


Message History

It was a scroll of noise.
Read which item? (? for menu, Esc to quit)
As you read the scroll labeled OFYLOU XUWIGIC, it crumbles to dust.
The creatures around you are filled with an inner flame!
It was a scroll of immolation.
The orc priest casts a cantrip, but nothing happens.
Read which item? (? for menu, Esc to quit)
As you read the scroll labeled GOT HAGGOS, it crumbles to dust.
It is a scroll of recharging.
You aren't carrying any rechargeable items.
Read which item? (? for menu, Esc to quit)
As you read the scroll labeled LORRUWK SE FOO, it crumbles to dust.
It is a scroll of identify.
Identify which item? (\ to view known items) (? for menu, Esc to quit)
d - a potion of might The orc priest looks braver for a moment.
A giant newt comes into view.
The orc priest mumbles some strange prayers to Beogh against you.
Pain shoots through your body!
You die...

*,,,,,,,,,,*,* #..≈≈≈≈≈.≈≈≈≈
*,,****,***#l* #..≈≈≈≈≈.≈≈≈≈
*,,,,,*<,,,#.#####..≈≈≈≈≈.≈≈≈≈
**,**,****,#.#...o...(....≈≈≈≈
*,*,,,,,,,#.#.####.≈≈≈≈......
*,*,,*****#.#..o...≈≈≈≈.≈≈≈≈≈
*,*,,* #.#####..≈≈≈≈.≈≈≈≈≈
*,*,,* #.######.≈≈≈≈.≈≈≈≈≈
*,*,,* #.@...o..≈≈≈≈.≈≈≈o≈
*,********########.........o.
*,,,,,,,,,,,,,,,.............
***************##############


You could see an orc priest (inner flame) and a giant newt.

Vanquished Creatures
  Sigmund (D:3)
  Ijyb (D:2)
  7 adders
  A worm (D:2)
  2 dart slugs
  2 giant geckos (D:1)
  5 orcs (D:3)
  A ball python (D:2)
  3 giant cockroaches
  6 goblins
  10 hobgoblins
  7 jackals (D:1)
  A quokka (D:2)
  7 bats
  3 giant newts
  8 kobolds
  3 rats (D:1)
68 creatures vanquished.

Vanquished Creatures (collateral kills)
  A jackal (D:1)
1 creature vanquished.

Grand Total: 69 creatures vanquished

Notes
Turn   | Place    | Note
--------------------------------------------------------------
     0 | D:1      | epen the Merfolk Chaos Knight began the quest for the Orb.
     0 | D:1      | Reached XP level 1. HP: 18/18 MP: 1/1
    45 | D:1      | XOM: harmless Trmt miscast
   110 | D:1      | Reached skill level 1 in Armour
   138 | D:1      | Reached XP level 2. HP: 24/24 MP: 2/2
   164 | D:1      | Reached skill level 5 in Polearms
   276 | D:1      | Reached XP level 3. HP: 27/29 MP: 3/3
   808 | D:2      | Reached XP level 4. HP: 37/37 MP: 4/4
   861 | D:2      | Noticed Ijyb
   897 | D:2      | Killed Ijyb
  1033 | D:2      | XOM: god gift: shortbow {god gift}
  1066 | D:2      | Reached XP level 5. HP: 42/42 MP: 5/5
  1106 | D:2      | Found a white marble altar of Elyvilon.
  1393 | D:3      | XOM: enchant monster (good)
  1446 | D:3      | Noticed Sigmund
  1455 | D:3      | Found an oddly glowing altar of Pakellas.
  1458 | D:3      | Killed Sigmund
  1458 | D:3      | Reached skill level 6 in Polearms
  1458 | D:3      | Reached XP level 6. HP: 46/49 MP: 6/6
  1629 | D:3      | Xom revived you
  1634 | D:3      | XOM: silly message
  1655 | D:3      | Killed from afar by an orc priest

Skill      XL: |  1  2  3  4  5 |
---------------+----------------+-----
Armour         | 1 2 |  2.6
Polearms       | 5 6 |  6.7
Dodging        | 3 4 |  4.2
Fighting       | 4 |  4.6

Action                   |  1- 3 |  4- 6 || total
-------------------------+-------+-------++-------
Melee: Spear             |   129 |   138 ||   267
  Use: Scroll            |       |     7 ||     7
 Stab: Distracted        |     1 |       ||     1
       Petrifying        |     2 |       ||     2
       Confused          |       |     5 ||     5
       Sleeping          |       |     1 ||     1
  Eat: Chunk             |       |     2 ||     2
Armor: Leather armour    |    30 |    22 ||    52
Dodge: Dodged            |    48 |    47 ||    95
